Map: World of Sleepers LE

Players

LsEbA

  • Race: Zerg Zerg
  • League: Master
  • Spawn Location: 7:00

JazBas - Winner!

  • Race: Zerg Zerg
  • League: Grandmaster
  • Spawn Location: 1:00

Event: NationWars 2019

VOD

Have the link to the VOD?

Description

Time

  • Played on: Sept. 28, 2019, 5:37 p.m.
  • Length: 8:07
Show
View Real Time Build Order
Export as new Build Order

LsEbA Zerg 

Build Orders: Hatch First 

Get SALT Encoding   

  12  0:01  Drone  
  13  0:13  Overlord  
  13  0:16  Drone  
  14  0:31  Drone x2  
  14  0:35  Drone  
  17  0:53  Drone, Hatchery  
  17  0:57  Drone  
  17  1:01  Extractor  
  17  1:12  Spawning Pool  
  17  1:15  Drone  
  17  1:18  Drone  
  18  1:28  Drone  
  19  1:39  Overlord  
  19  1:59  Queen  
  19  2:00  Zergling x2  
  19  2:01  Zergling x2  
  23  2:03  Metabolic Boost  
  23  2:07  Spine Crawler, Zergling x2  
  23  2:14  Spine Crawler  
  22  2:17  Zergling x2  
  22  2:26  Zergling x2  
  22  2:29  Zergling x2  
  19  2:34  Zergling x2  
  18  2:39  Drone  
  20  2:45  Drone  
  21  2:54  Zergling x2  
  21  3:02  Overlord  
  21  3:12  Baneling Nest  
  20  3:19  Zergling x2  
  21  3:24  Drone x3  
  24  3:37  Drone  
  24  3:47  Hatchery  
  21  3:51  Drone  
  23  3:59  Drone  
  23  4:06  Hatchery  
  23  4:07  Drone  
  23  4:08  Extractor  
  21  4:18  Drone, Queen  
  24  4:39  Hatchery  
  24  4:42  Drone  
  24  4:45  Drone  
  25  4:50  Drone  
  26  4:57  Queen  
  28  5:01  Drone  
  29  5:11  Roach Warren  
  28  5:17  Overlord  
  28  5:21  Drone  
  29  5:24  Drone  
  29  5:26  Drone  
  31  5:29  Drone  
  31  5:33  Drone  
  34  5:35  Drone  
  34  5:38  Drone  
  34  5:41  Drone  
  36  5:45  Drone  
  37  5:50  Drone  
  37  5:51  Drone  
  37  5:56  Baneling  
  39  5:59  Overlord  
  39  6:01  Drone x2  
  39  6:02  Drone  
  42  6:05  Drone  
  42  6:06  Drone  
  44  6:13  Overlord  
  44  6:14  Overlord  
  44  6:17  Overlord  
  44  6:25  Queen  
  46  6:28  Drone  
  46  6:31  Overlord  
  51  6:32  Roach  
  51  6:33  Roach  
  51  6:35  Drone  
  51  6:36  Drone  
  51  6:39  Drone  
  54  6:41  Roach  
  54  6:42  Roach  
  54  6:45  Roach  
  61  6:47  Drone x2  
  61  6:50  Roach  
  61  6:52  Drone  
  65  6:55  Ravager  
  65  6:56  Roach  
  65  6:57  Roach  
  65  6:59  Roach  
  72  7:03  Roach  
  72  7:05  Roach  
  72  7:08  Roach, Ravager  
  79  7:09  Roach  
  79  7:14  Overlord x2  
  81  7:21  Overlord x2  
  81  7:29  Roach x3  
  80  7:31  Roach  
  80  7:32  Roach  
  80  7:33  Ravager  
  80  7:34  Ravager x2  
  80  7:35  Roach  
  86  7:41  Roach x2  
  86  7:44  Roach x2  
  85  7:46  Roach  
Show
View Real Time Build Order
Export as new Build Order

JazBas Zerg - Winner!

Build Orders: Pool First 

Get SALT Encoding   

  12  0:17  Spawning Pool  
  11  0:22  Drone  
  11  0:26  Drone  
  13  0:30  Drone  
  14  0:39  Overlord  
  14  1:04  Zergling x4  
  14  1:05  Zergling x2  
  17  1:16  Zergling x2  
  18  1:21  Hatchery  
  17  1:27  Zergling x2  
  17  1:32  Queen  
  20  1:37  Zergling x2  
  21  1:47  Overlord  
  21  1:59  Drone  
  22  2:07  Queen  
  24  2:20  Drone x2  
  24  2:31  Drone  
  24  2:33  Drone, Queen  
  28  2:45  Drone x2  
  28  2:46  Drone x2  
  32  2:55  Drone x2  
  34  3:03  Queen  
  34  3:05  Overlord  
  36  3:17  Extractor x2  
  36  3:19  Drone x2  
  36  3:32  Evolution Chamber x2  
  36  3:33  Roach Warren  
  33  3:39  Drone  
  34  3:43  Drone x6  
  40  3:51  Drone x3  
  42  4:07  Drone x3  
  42  4:18  Zerg Missile Weapons Level 1  
  42  4:21  Overlord  
  42  4:22  Drone x2  
  44  4:33  Lair  
  44  4:35  Overlord  
  44  4:41  Drone  
  44  4:42  Drone  
  44  4:44  Drone x3  
  49  4:47  Extractor  
  49  4:49  Drone  
  49  4:53  Roach  
  49  4:54  Roach x3  
  49  4:56  Overlord  
  49  4:59  Roach  
  59  5:03  Overlord  
  59  5:06  Drone, Extractor  
  59  5:16  Drone x2  
  59  5:17  Drone  
  62  5:22  Drone  
  63  5:32  Hatchery  
  63  5:34  Overseer  
  62  5:44  Glial Reconstitution  
  62  5:45  Zerg Ground Armor Level 1  
  62  5:52  Pneumatized Carapace  
  62  5:54  Roach x3  
  62  5:55  Overlord x2  
  62  5:57  Overlord  
  68  5:58  Overlord  
  68  6:06  Overlord  
  68  6:10  Overlord  
  68  6:14  Roach x4  
  76  6:20  Roach  
  76  6:21  Roach  
  80  6:32  Roach x5  
  90  6:41  Roach  
  90  6:44  Overlord  
  90  6:46  Roach, Queen  
  96  6:50  Overlord  
  96  7:03  Roach x6  
  96  7:06  Drone x3  
  111  7:08  Drone  
  111  7:10  Drone  
  117  7:22  Roach  
  117  7:23  Roach  
  117  7:33  Roach x5  
  125  7:41  Roach x3  
  125  7:48  Roach x3  
  127  8:04  Ravager  
Tags
 
Add a new tag
Caveats
  • Supply blocks, unpowered buildings, or Contaminate may cause inaccurate times.
  • Supply counts are checked every 10 seconds.